 Dungeon Crawl Stone Soup version 0.23-a0-54-gae6112e (webtiles) character file.

4340 conein the Thaumaturge (level 10, -6/50 HPs)
             Began as a Deep Elf Wizard on Aug 8, 2018.
             Was a Believer of Vehumet.
             Killed by the air
             ... invoked by Gastronok
              (16 damage)
             ... on level 8 of the Dungeon.
             The game lasted 00:24:52 (10312 turns).

conein the Thaumaturge (Deep Elf Wizard)           Turns: 10312, Time: 00:24:52

Health: -6/50      AC:  7    Str:  7    XL:     10   Next: 12%
Magic:  12/43      EV: 12    Int: 24    God:    Vehumet [**....]
Gold:   430        SH:  5    Dex: 13    Spells: 17/33 levels left

rFire    . . .     SeeInvis .   o - staff of power
rCold    + . .     Gourm    .   h - +0 buckler
rNeg     . . .     Faith    .   s - +3 leather armour
rPois    .         Spirit   .   b - +0 hat
rElec    .         Reflect  .   B - +0 cloak
rCorr    .         Harm     .   (no gloves)
MR       +....                  (no boots)
Stlth    +++.......             E - amulet of magic regeneration
HPRegen  0.16/turn              F - ring of protection from cold
MPRegen  0.53/turn              v - ring of stealth

@: no status effects
A: no striking features
a: Renounce Religion


You were on level 8 of the Dungeon.
You worshipped Vehumet.
Vehumet was pleased with you.
You were very hungry.

You visited 2 branches of the dungeon, and saw 9 of its levels.
You also visited: Sewer.

You collected 430 gold pieces.

Inventory:

Missiles
 D - a throwing net (quivered)
Armour
 b - a +0 hat (worn)
 h - a +0 buckler (worn)
 s - a +3 leather armour (worn)
 B - a +0 cloak (worn)
Magical Staves
 o - an uncursed staff of power (weapon)
Jewellery
 v - a ring of stealth (right hand)
 E - an amulet of magic regeneration (around neck)
 F - a ring of protection from cold (left hand)
Wands
 k - a wand of flame (10)
 r - a wand of iceblast (6)
 u - a wand of paralysis (23)
Scrolls
 a - a scroll of amnesia {unknown}
 i - 4 scrolls of magic mapping
 j - a scroll of remove curse
 t - 2 scrolls of teleportation
 w - 4 scrolls of identify
 x - a scroll of summoning {unknown}
 y - a scroll of fear {unknown}
 A - a scroll of blinking {unknown}
 C - a scroll of enchant armour {unknown}
Potions
 c - 3 potions of mutation
 f - a potion of resistance {unknown}
 g - 5 potions of agility {unknown}
 l - 2 potions of might {unknown}
 m - 2 potions of magic
 n - a potion of degeneration {unknown}
 p - 6 potions of curing
 q - 3 potions of heal wounds {unknown}
 z - a potion of haste {unknown}
 H - a potion of flight {unknown}
Comestibles
 d - 20 rations


   Skills:
 - Level 2.0 Armour
 - Level 2.4 Dodging
 - Level 2.4 Stealth
 - Level 4.0 Shields
 - Level 12.2 Spellcasting
 - Level 9.0 Conjurations
 - Level 2.0 Summonings
 - Level 2.0 Translocations
 - Level 2.1 Fire Magic
 - Level 1.0 Air Magic
 + Level 4.7 Earth Magic
 - Level 1.0 Poison Magic


You had 17 spell levels left.
You knew the following spells:

 Your Spells              Type           Power        Failure   Level  Hunger
a - Magic Dart            Conj           ####         1%          1    None
b - Stone Arrow           Conj/Erth      #####.       1%          3    None
c - Conjure Flame         Conj/Fire      #####...     1%          3    None
d - Mephitic Cloud        Conj/Pois/Air  ####....     4%          3    None
e - Call Imp              Summ           ###.....     4%          2    None
m - Passwall              Tmut/Erth      ####....     3%          2    None
q - Blink                 Tloc           N/A          4%          2    None

Your spell library contained the following spells:

 Spells                   Type           Power        Failure   Level  Hunger
 Slow                     Hex            ##......     10%         2    None
 Venom Bolt               Conj/Pois      #####.....   22%         5    ###....
 Olgreb's Toxic Radiance  Pois           ###.....     36%         4    None
 Sting                    Conj/Pois      ####         1%          1    None
 Lee's Rapid Deconstruct  Erth           #####.....   24%         5    ###....
 Sandblast                Erth           #####.       1%          1    None
 Petrify                  Tmut/Erth      ####....     22%         4    None
 Poisonous Vapours        Pois/Air       ###...       6%          2    None


Dungeon Overview and Level Annotations

Branches:
Dungeon (8/15)             Temple (1/1) D:4
   Lair: D:8-11

Altars:
Ashenzari
Cheibriados
Dithmenos
Elyvilon
Fedhas
Gozag
Hepliaklqana
Kikubaaqudgha
Makhleb
Nemelex Xobeh
Qazlal
Sif Muna
Trog
Vehumet
Wu Jian
Xom
Yredelemnul
Zin

Shops:
D:6 (   D:8 :

Annotations:
D:8 1 runed door, Gastronok; Maurice; eyesofgods1's ghost, novice OpFi


Message History

Aim: Gastronok, wearing a runed hat (severely wounded)
The stone arrow hits Gastronok.
Gastronok is severely wounded.
The bat closely misses you. The quokka bites you.
* * * LOW HITPOINT WARNING * * *
The rat closely misses your white imp.
Your white imp hits Gastronok but does no damage.
Casting: Stone Arrow (safe; 1% risk of failure)
Confirm with . or Enter, or press ? or * to list all spells.
Aiming: Stone Arrow (safe; 1% risk of failure)
Press: ? - help, Shift-Dir - straight line, f/p - Gastronok
Aim: Gastronok, wearing a runed hat (severely wounded)
The stone arrow hits Gastronok.
Gastronok is almost dead.
The quokka bites you.
* * * LOW HITPOINT WARNING * * *
You block the bat's attack. You block the quokka's attack.
Gastronok waves his eye-stalks in wide circles.
The air twists around and strikes you!
You die...

#.(.....### #..#### ### #
#.......#.# #.....###.# ##
#.........#####.##(...>#######.
#$.....#....##..#..<..........
#.∩<....#....)#.#.#..#####.#♣P
#..%....#.##..#.....## #.♣≈≈
#..)(.......>.....### #P≈≈≈
#....PP..#.#..r...########P≈P♣
#..P.≈≈P.....@b...........≈P≈≈
#..≈.≈≈≈≈###r....#.........P♣≈
##.≈P≈%≈≈P##.w5....######...♣≈
#P.≈≈≈≈≈......r..#######.###≈
≈≈≈≈≈.................# #.
.≈≈≈≈≈.........?......####.
#♣≈.≈≈≈............?......###
#.≈≈≈.≈≈............)..#...##
####.P≈≈≈≈≈♣......$.......#.#...


You could see Gastronok, 2 quokkas, a bat, a rat and a friendly white imp.

Vanquished Creatures
  Pikel (D:4)
  Psyche (D:8)
  A hornet (D:7)
  3 ice beasts
  A slave (D:4)
  A black bear (D:8)
  A sky beast (D:6)
  3 phantoms
  6 ogres
  2 centaurs
  A big kobold (D:8)
  4 bullfrogs
  A gnoll sergeant (D:7)
  A wyvern skeleton (D:6)
  2 scorpions
  A killer bee (D:7)
  4 electric eels (D:8)
  5 crimson imps
  A bullfrog zombie (D:8)
  A centaur zombie (D:5)
  A jelly (D:8)
  4 orc priests
  4 hounds
  7 orc wizards
  8 worker ants
  A hound zombie (D:5)
  9 gnolls
  12 adders
  2 shadow imps
  4 oozes
  2 adder skeletons
  3 worms
  4 dart slugs
  7 leopard geckos
  17 orcs
  8 giant cockroaches
  9 goblins
  8 hobgoblins
  11 jackals
  11 kobolds
  5 quokkas
  4 ball pythons
  5 bats
  8 frilled lizards
  8 rats
  2 plants (Sewer)
205 creatures vanquished.

Vanquished Creatures (collateral kills)
  A killer bee (D:7)
  A worker ant (D:7)
2 creatures vanquished.

Vanquished Creatures (others)
  2 slaves (D:4)
  An adder (D:4)
  A worm (D:4)
  4 jackals (D:4)
  3 fungi (D:8)
  6 plants (D:8)
17 creatures vanquished.

Grand Total: 224 creatures vanquished

Notes
Turn   | Place    | Note
-------+----------+-------------------------------------------
     0 | D:1      | conein the Deep Elf Wizard began the quest for the Orb.
     0 | D:1      | Reached XP level 1. HP: 10/10 MP: 7/7
    40 | D:1      | Reached XP level 2. HP: 15/15 MP: 0/9
   157 | D:1      | Reached skill level 5 in Spellcasting
   295 | D:1      | Learned a level 2 spell: Blink
   298 | D:1      | Learned a level 2 spell: Call Imp
   413 | D:1      | Reached XP level 3. HP: 19/19 MP: 7/11
   920 | D:1      | Learned a level 3 spell: Conjure Flame
   924 | D:1      | Learned a level 3 spell: Mephitic Cloud
  1003 | D:2      | Found a shattered altar of Ashenzari.
  1014 | D:2      | Found an opulent altar of Gozag.
  1252 | D:2      | Reached XP level 4. HP: 20/24 MP: 10/13
  1430 | D:2      | Reached skill level 1 in Fire Magic
  1430 | D:2      | Reached skill level 1 in Air Magic
  1430 | D:2      | Reached skill level 1 in Poison Magic
  2421 | D:3      | Reached XP level 5. HP: 28/28 MP: 7/14
  2628 | D:4      | Noticed a slave
  2628 | D:4      | Noticed a slave
  2671 | D:4      | Noticed Pikel
  2679 | D:4      | Noticed a slave
  2680 | D:4      | Killed a slave
  2681 | D:4      | Noticed a slave
  2689 | D:4      | Killed Pikel
  2689 | D:4      | Reached XP level 6. HP: 21/32 MP: 8/16
  2689 | D:4      | Reached XP level 7. HP: 24/36 MP: 8/17
  2861 | D:4      | Found a staircase to the Ecumenical Temple.
  3039 | Temple   | Entered the Ecumenical Temple
  3082 | Temple   | Became a worshipper of Vehumet
  3820 | D:4      | Found a hazy altar of Hepliaklqana.
  4060 | D:5      | Entered Level 5 of the Dungeon
  4242 | D:5      | Reached skill level 1 in Shields
  4254 | D:5      | Reached skill level 6 in Spellcasting
  4495 | D:5      | Reached XP level 8. HP: 25/41 MP: 12/20
  4929 | D:5      | Reached skill level 1 in Armour
  4929 | D:5      | Reached skill level 7 in Spellcasting
  4937 | D:5      | Learned a level 3 spell: Stone Arrow
  4940 | D:5      | Learned a level 2 spell: Passwall
  6109 | D:6      | Reached * piety under Vehumet
  6109 | D:6      | Offered knowledge of Shock by Vehumet.
  6115 | D:6      | Found a glowing drain.
  6134 | Sewer    | Entered a sewer
  6944 | D:6      | Reached skill level 8 in Spellcasting
  6979 | D:6      | Found a blossoming altar of Fedhas.
  7082 | D:6      | Found Haschukkuk's Antique Weapon Shoppe.
  7561 | D:7      | Reached ** piety under Vehumet
  7561 | D:7      | Offered knowledge of Throw Frost by Vehumet.
  7561 | D:7      | Reached skill level 9 in Spellcasting
  7815 | D:7      | Noticed a hornet
  7820 | D:7      | Killed a hornet
  7820 | D:7      | Reached skill level 10 in Spellcasting
  7820 | D:7      | Reached XP level 9. HP: 43/45 MP: 24/25
  7897 | D:7      | Found a stormy altar of Qazlal.
  8028 | D:7      | Found a runed door.
  8042 | D:7      | Found a runed door.
  8142 | D:7      | Reached skill level 11 in Spellcasting
  8746 | D:7      | Reached skill level 12 in Spellcasting
  9135 | D:8      | Reached skill level 1 in Earth Magic
  9153 | D:8      | Noticed Psyche
  9153 | D:8      | Noticed Gastronok
  9646 | D:8      | Noticed Maurice
  9662 | D:8      | Found Zets's Book Boutique.
 10131 | D:8      | Reached XP level 10. HP: 50/50 MP: 28/28
 10133 | D:8      | Found a runed door.
 10153 | D:8      | Noticed eyesofgods1's ghost (novice OpFi)
 10215 | D:8      | Killed Psyche
 10312 | D:8      | Killed from afar by Gastronok

Vault maps used:
D:1:      denvon_arrival_waterhouse, minmay_misc_feat_more_columns
D:2:      grunt_gozag_breadcrumbs, overflow_temple_1_default, first_ration
D:3:      kennysheep_generic_room_10
D:4:      lemuel_doored_altar, lemuel_temple_firewalk_a, uniq_pikel
D:5:      hangedman_decor_riveting
D:6:      serial_shops, shop, gup_sewer_entry_glass, fedhas_altar_2
D:7:      lemuel_insect_pit, old_standard_altar, grunt_ogre_cave, minivault_4
D:8:      serial_bayou, serial_bayou_shore_b, serial_bayou_pond_c,
          serial_bayou_lake_a, serial_bayou_pond_b, ebering_ghost_funeral_grove,
          serial_shops, shop, uniq_psyche, uniq_gastronok, uniq_maurice
Temple:   compressed_dpeg_circular_temple
Sewer:    sewer_co_scattered_pipes

Skill      XL: |  1  2  3  4  5  6  7  8  9 10 |
---------------+-------------------------------+-----
Conjurations   | 2 3 7 8 9 |  9.0
Spellcasting   | 5 6 10 12 | 12.2
Fire Magic     | 2 |  2.1
Air Magic      | 1 |  1.0
Poison Magic   | 1 |  1.0
Summonings     | 2 |  2.0
Translocations | 2 |  2.0
Shields        | 2 4 |  4.0
Armour         | 2 |  2.0
Earth Magic    | 4 |  4.7
Dodging        | |  2.4
Stealth        | |  2.4

Action                   |  1- 3 |  4- 6 |  7- 9 | 10-12 || total
-------------------------+-------+-------+-------+-------++-------
Melee: Unarmed           |     8 |       |       |       ||     8
       Short sword       |       |    32 |       |       ||    32
       Dagger            |       |    21 |       |       ||    21
       Staff             |       |       |    36 |       ||    36
 Cast: Magic Dart        |    76 |    88 |   357 |    13 ||   534
       Call Imp          |       |     3 |     1 |     1 ||     5
       Mephitic Cloud    |       |     3 |    21 |     6 ||    30
       Conjure Flame     |       |     1 |     3 |       ||     4
       Stone Arrow       |       |       |    95 |    19 ||   114
       Blink             |       |       |     1 |       ||     1
  Use: Scroll            |       |       |     6 |       ||     6
 Stab: Sleeping          |     1 |     1 |     1 |       ||     3
  Eat: Chunk             |       |     5 |    23 |       ||    28
Armor: Robe              |     2 |     4 |     1 |       ||     7
       Leather armour    |       |       |    43 |     3 ||    46
Dodge: Dodged            |    12 |    52 |   108 |    13 ||   185
Block: Buckler           |       |       |    19 |     8 ||    27

Table legend:
 A = Spawn XP
 B = Non-spawn XP
 C = Spawn XP percentage of total XP
 D = Spawn monster count
 E = Non-spawn monster count
 F = Spawn count percentage of total count
 G = Total turns spent on level
                    A         B        C        D         E        F      G
               +---------+---------+-------+---------+---------+-------+---------
         Total |       0 |    6200 |   0.0 |       0 |     204 |   0.0 | 10312
               +---------+---------+-------+---------+---------+-------+---------
           D:1 |       0 |      64 |   0.0 |       0 |      26 |   0.0 |   967
           D:2 |       0 |      51 |   0.0 |       0 |      12 |   0.0 |   588
           D:3 |       0 |      87 |   0.0 |       0 |      32 |   0.0 |  1441
           D:4 |       0 |     798 |   0.0 |       0 |      19 |   0.0 |  1310
           D:5 |       0 |     795 |   0.0 |       0 |      28 |   0.0 |  1690
           D:6 |       0 |     511 |   0.0 |       0 |      12 |   0.0 |   822
           D:7 |       0 |    2013 |   0.0 |       0 |      36 |   0.0 |  1735
           D:8 |       0 |    1816 |   0.0 |       0 |      22 |   0.0 |   969
         Sewer |       0 |      65 |   0.0 |       0 |      17 |   0.0 |   718
               +---------+---------+-------+---------+---------+-------+---------
